 Dungeon Crawl Stone Soup version 0.31-a0-1447-g87ca8d402b (webtiles) character file.

Game seed: 11727109531194925723

467 BigPumpCobain the Cudgeller (level 6, 0/56 HPs)
             Began as a Minotaur Fighter on Dec 27, 2023.
             Slain by an ogre
             ... wielding a +0 giant club
              (26 damage)
             ... on level 4 of the Dungeon.
             The game lasted 00:03:58 (2320 turns).

BigPumpCobain the Cudgeller (Minotaur Fighter)      Turns: 2320, Time: 00:03:59

Health: 0/56       AC: 12    Str: 22    XL:     6   Next: 81%
Magic:  5/5        EV:  6    Int:  5    God:
Gold:   98         SH:  5    Dex: 10    Spells: 5/5 levels left

rFire   . . .        a - +0 flail
rCold   . . .        c - +0 buckler
rNeg    . . .        j - +0 plate armour
rPois   .            (helmet restricted)
rElec   .            (no cloak)
rCorr   .            (no gloves)
SInv    .            (no boots)
Will    .....        o - amulet of the acrobat Stlth
                     (no ring)
HPRegen 0.29/turn    (no ring)
MPRegen 0.09/turn

%: acrobat
@: no status effects
A: horns 2, retaliatory headbutt
a: no special abilities


You were on level 4 of the Dungeon.
You visited 1 branch of the dungeon, and saw 4 of its levels.

You collected 98 gold pieces.

Inventory:

Hand Weapons
 a - a +0 flail (weapon)
 f - the +0 mace of Odemev {flame, rF+ Int-4 Dex+10}
   (You found it on level 3 of the Dungeon)

   Int-4:     It affects your intelligence (-4).
   Dex+10:    It affects your dexterity (+10).
   rF+:       It protects you from fire.
Armour
 c - a +0 buckler (worn)
 j - a +0 plate armour (worn)
Jewellery
 n - a ring of magical power
 o - an amulet of the acrobat (around neck)
Talismans
 b - a beast talisman
Wands
 p - a wand of flame (22)
Scrolls
 e - 5 scrolls of poison
 g - a scroll of teleportation
 h - 2 scrolls of blinking
 q - a scroll of noise
 t - a scroll of revelation
Potions
 d - 2 potions of might
 i - a potion of attraction {unknown}
 k - a potion of degeneration {unknown}
 l - a potion of lignification {unknown}
 m - 2 potions of brilliance {unknown}
 r - a potion of cancellation {unknown}
 s - a potion of heal wounds {unknown}


   Skills:
 + Level 5.2 Fighting
 * Level 5.9 Maces & Flails
 + Level 5.2 Armour
 + Level 5.3 Shields


You had 5 spell levels left.
You didn't know any spells.
Your spell library was empty.

Dungeon Overview and Level Annotations

Branches:
Dungeon (4/15)
 Temple: D:4-7

Altars:

Annotations:
D:4 Ijyb


Innate Abilities, Weirdness & Mutations

You have a pair of horns on your head.
You reflexively headbutt those who attack you in melee.


Message History

A bombardier beetle comes into view.
A bombardier beetle is nearby!
Ijyb and an ogre come into view.
Ijyb is wielding a +3 dagger of speed, wearing a +4 chain mail of fire resistance and carrying a wand of iceblast.
Found a stone staircase leading down.
Ijyb shouts!
The ogre shouts!
You closely miss the bombardier beetle.
Your headbutt misses the bombardier beetle.
The bombardier beetle bites you but does no damage.
You barely miss the bombardier beetle. You headbutt the bombardier beetle.
The bombardier beetle is lightly wounded.
You block the bombardier beetle's attack.
You hit the bombardier beetle.
The bombardier beetle is moderately wounded.
The ogre hits you but does no damage. The bombardier beetle bites you.
You hit the bombardier beetle. You headbutt the bombardier beetle.
You kill the bombardier beetle!
You barely miss the ogre. You block the ogre's attack.
Ijyb screams, "Me kill you!"
Ijyb hits you with a +3 dagger of speed.
You hit the ogre but do no damage. You headbutt the ogre.
The ogre is lightly wounded.
Ijyb hits you but does no damage.
The ogre hits you with a +0 giant club!!
Ijyb hits you with a +3 dagger of speed.
You hit the ogre.
The ogre is moderately wounded.
Ijyb hits you but does no damage. You block the ogre's attack.
Ijyb hits you but does no damage.
You hit the ogre but do no damage. You headbutt the ogre.
The ogre is moderately wounded.
Ijyb hits you with a +3 dagger of speed.
You are too injured to fight recklessly!
You are too injured to fight recklessly!
You are too injured to fight recklessly!
There are monsters nearby!
You sock the ogre!
The ogre is almost dead.
The ogre hits you with a +0 giant club!!
You die...

#>....#
#.....##
###......<
........##
#.......##
#.......^
.##....g.#
......O@.#
##.####..#
#..## #.##
# ##.# ##
#. #..#
...#.##.##
#......#
##.....##


You could see an ogre and Ijyb.

Vanquished Creatures
  Duvessa (D:4)
  The ghost of Gadrel the Shooter, an amateur DsWn (D:3)
  A scorpion (D:3)
  Dowan (D:4)
  2 bombardier beetles
  6 adders
  A dart slug (D:2)
  An orc (D:3)
  8 ball pythons
  7 endoplasms
  3 giant cockroaches
  3 goblins
  5 hobgoblins (D:1)
  6 quokkas
  7 bats
  6 frilled lizards
  6 kobolds
  5 rats
70 creatures vanquished.

Notes
Turn   | Place    | Note
-------+----------+-------------------------------------------
     0 | D:1      | BigPumpCobain the Minotaur Fighter began the quest for the
                  | Orb.
     0 | D:1      | Reached XP level 1. HP: 19/19 MP: 0/0
   137 | D:1      | Reached XP level 2. HP: 23/27 MP: 1/1
   461 | D:1      | Reached XP level 3. HP: 27/33 MP: 2/2
  1213 | D:2      | Reached XP level 4. HP: 40/40 MP: 3/3
  1332 | D:2      | Found a faded altar of an unknown god.
  1573 | D:3      | Noticed a scorpion
  1580 | D:3      | Killed a scorpion
  1581 | D:3      | Reached XP level 5. HP: 47/47 MP: 4/4
  1787 | D:3      | Identified the +0 mace of Odemev {flame, rF+ Int-4 Dex+10}
  1943 | D:3      | Noticed Gadrel's ghost (amateur DsWn)
  1954 | D:3      | Found a runed translucent door.
  2083 | D:3      | Killed Gadrel's ghost
  2084 | D:3      | Reached skill level 5 in Maces & Flails
  2084 | D:3      | Reached XP level 6. HP: 53/55 MP: 5/5
  2167 | D:4      | Noticed Dowan
  2174 | D:4      | Noticed Duvessa
  2184 | D:4      | Killed Duvessa
  2185 | D:4      | Reached skill level 5 in Fighting
  2185 | D:4      | Reached skill level 5 in Armour
  2185 | D:4      | Reached skill level 5 in Shields
  2192 | D:4      | Killed Dowan
  2311 | D:4      | Noticed Ijyb
  2320 | D:4      | Slain by an ogre

Illustrated notes

Levels and vault maps discovered:
D:1:      dpeg_arrival_boxes_within_box, layout_loops_ring
D:2:      layout_loops_ring, ebering_ecumenical_altar_abandoned
D:3:      layout_rooms, hellmonk_ghost_happy_afterlife
D:4:      layout_rooms, gammafunk_temple_overflow_wave, minmay_ogre_servants,
          uniq_duvessa, uniq_ijyb

Skill      XL: |  1  2  3  4  5  6 |
---------------+-------------------+-----
Maces & Flails | 3 4 5 |  5.9
Shields        | 4 5 |  5.3
Armour         | 4 5 |  5.2
Fighting       | 4 5 |  5.2

Action                     |  1- 3 |  4- 6 || total
---------------------------+-------+-------++-------
  Melee: Flail             |    92 |    85 ||   177
         Headbutt          |    11 |    16 ||    27
    Use: Scroll            |     2 |     4 ||     6
 Armour: Scale mail        |    46 |       ||    46
         Plate armour      |    19 |    57 ||    76
  Dodge: Dodged            |    46 |    32 ||    78
  Block: Buckler           |    24 |    16 ||    40

Table legend: (Time is in decaauts)
 A = Elapsed time spent in this place.
 B = Non-inter-level travel time spent in this place.
 C = Inter-level travel time spent in this place.
 D = Time resting spent in this place.
 E = Time spent auto-exploring this place.
 F = Levels seen in this place.
 G = Mean time per level.
                   A        B        C        D        E       F      G
               +--------+--------+--------+--------+--------+-----+--------+
         Total |   2359 |   2247 |    112 |    100 |   1682 |   4 |  589.8 |
       Dungeon |   2359 |   2247 |    112 |    100 |   1682 |   4 |  589.8 |
               +--------+--------+--------+--------+--------+-----+--------+

Top non-repeatable levels by time:
     D:1: 873 daAuts
     D:2: 689 daAuts
     D:3: 609 daAuts
     D:4: 187 daAuts
